 Dungeon Crawl Stone Soup version 0.28-a0-683-ga8797d1ae1 (webtiles) character file.

Game seed: 3811845027213345795

362 bande the Covered (level 6, -5/39 HPs)
             Began as a Gargoyle Fighter on Oct 17, 2021.
             Slain by a yak (9 damage)
             ... on level 3 of the Dungeon on Oct 18, 2021.
             The game lasted 00:08:32 (4448 turns).

bande the Covered (Gargoyle Fighter)                Turns: 4448, Time: 00:08:33

Health: -5/39      AC: 12    Str: 21    XL:     6   Next: 66%
Magic:  6/6        EV:  9    Int:  8    God:
Gold:   119        SH:  5    Dex: 10    Spells: 5/5 levels left

rFire   . . .      SeeInvis .   a - +0 war axe
rCold   . . .      Faith    .   c - +1 buckler
rNeg    + . .      Spirit   .   b - +0 scale mail
rPois   ∞          Reflect  .   k - +0 helmet
rElec   +          Harm     .   (no cloak)
rCorr   .          Rampage  .   (no gloves)
Will    .....                   (no boots)
Stlth   ..........              (no amulet)
HPRegen 0.13/turn               (no ring)
MPRegen 0.10/turn               (no ring)

@: no status effects
A: sickness immunity, AC +4, negative energy resistance 1, electricity
resistance, torment resistance 1, petrification resistance
a: no special abilities


You were on level 3 of the Dungeon.
You visited 1 branch of the dungeon, and saw 4 of its levels.

You collected 119 gold pieces.

Inventory:

Hand Weapons
 a - a +0 war axe (weapon)
Armour
 b - a +0 scale mail (worn)
 c - a +1 buckler (worn)
 k - a +0 helmet (worn)
Jewellery
 g - a ring of fire
Scrolls
 f - 2 scrolls of teleportation
 i - 2 scrolls of identify
Potions
 d - a potion of might
 e - 6 potions of curing
 h - 2 potions of brilliance


   Skills:
 + Level 4.4 Fighting
 + Level 4.3 Axes
 + Level 4.9 Armour
 + Level 4.1 Shields


You had 5 spell levels left.
You didn't know any spells.
Your spell library was empty.

Dungeon Overview and Level Annotations

Branches:
Dungeon (4/15)
 Temple: D:4-7

Altars:
Dithmenos
Elyvilon

Shops:
D:4 *


Innate Abilities, Weirdness & Mutations

You are immune to sickness and miasma.
Your stone body is resilient. (AC +4)
You are immune to poison.
You resist negative energy. (rN+)
You are resistant to electric shocks. (rElec)
You are resistant to unholy torment.
You are immune to petrification.


Message History

You hit the yak.
The yak is moderately wounded.
The yak barely misses you. The yak gores you!
You hit the yak.
The yak is moderately wounded.
The yak gores you.
You hit the yak.
The yak is moderately wounded.
You block the yak's attack.
You hit the yak but do no damage.
The yak is moderately wounded.
The yak closely misses you. You block the yak's attack.
You hit the yak.
The yak is heavily wounded.
The yak barely misses you.
You hit the yak but do no damage.
The yak is heavily wounded.
The yak gores you.
You hit the yak.
The yak is heavily wounded.
The yak barely misses you. The yak gores you.
You slash the yak!
The yak is severely wounded.
The yak closely misses you.
You barely miss the yak.
The yak is severely wounded.
You block the yak's attack.
You barely miss the yak.
The yak is severely wounded.
The yak barely misses you.
You hit the yak.
The yak is severely wounded.
The yak gores you.
* * * LOW HITPOINT WARNING * * *
The yak gores you.
* * * LOW HITPOINT WARNING * * *
You hit the yak.
The yak is almost dead.
The yak gores you!
You die...

#.................
#...........####..
#............###..
#..........#..##..
#..........##.....
##........######..
##........######..
#..........##.....
#@Y...)....##.###.
#....)))...##.# ##
#..........#..####
#............###<.
##..........## #..
##.........# #..
####......# ##..
#......###...
#.##.....#...


You could see a yak.

Vanquished Creatures
  An ogre (D:4)
  A centaur skeleton (D:4)
  11 gnolls
  7 adders
  A worm (D:2)
  A dart slug (D:1)
  4 orcs (D:3)
  7 ball pythons
  2 endoplasms (D:2)
  2 giant cockroaches (D:1)
  2 goblins
  9 hobgoblins
  7 jackals
  6 kobolds
  A quokka (D:1)
  8 bats
  8 frilled lizards
  5 rats
83 creatures vanquished.

Vanquished Creatures (others)
  A withered plant (D:1)
1 creature vanquished.

Grand Total: 84 creatures vanquished

Notes
Turn   | Place    | Note
-------+----------+-------------------------------------------
     0 | D:1      | bande the Gargoyle Fighter began the quest for the Orb.
     0 | D:1      | Reached XP level 1. HP: 14/14 MP: 1/1
   590 | D:1      | Reached XP level 2. HP: 19/19 MP: 2/2
   655 | D:1      | Found a faded altar of an unknown god.
   959 | D:1      | Reached XP level 3. HP: 24/24 MP: 3/3
  1722 | D:2      | Reached XP level 4. HP: 27/29 MP: 4/4
  2766 | D:2      | Reached XP level 5. HP: 32/33 MP: 5/5
  3161 | D:3      | Upgraded the game from 0.28-a0-674-gdaf460b524 to
                  | 0.28-a0-683-ga8797d1ae1
  3932 | D:4      | Reached XP level 6. HP: 34/38 MP: 6/6
  4197 | D:4      | Found a white marble altar of Elyvilon.
  4224 | D:4      | Found a shadowy altar of Dithmenos.
  4284 | D:4      | Noticed a yak
  4285 | D:4      | Noticed a yak
  4285 | D:4      | Noticed a yak
  4285 | D:4      | Noticed a yak
  4300 | D:4      | Found Xij Moiz's Assorted Antiques.
  4448 | D:3      | Slain by a yak

Illustrated notes

Levels and vault maps discovered:
D:1:      tarquinn_simple_flora_water_a, layout_loops_ring,
          shapermc_ecumenical_altar_gd
D:2:      layout_basic, dk_vineyard_3
D:3:      layout_rooms, minmay_misc_feat_pillars
D:4:      layout_basic, mainiacjoe_overflow_swirl,
          mainiacjoe_overflow_big_doors, biasface_ghost_orc_armoury,
          serial_shops, nicolae_shop_trees, hangedman_abyss_or_decor_passed

Skill      XL: |  1  2  3  4  5  6 |
---------------+-------------------+-----
Axes           | 2 3 4 |  4.3
Armour         | 4 |  4.9
Fighting       | 4 |  4.4
Shields        | 4 |  4.1

Action                   |  1- 3 |  4- 6 || total
-------------------------+-------+-------++-------
Melee: War axe           |   100 |   179 ||   279
  Use: Scroll            |     4 |     4 ||     8
Armor: Scale mail        |    55 |   111 ||   166
Dodge: Dodged            |    44 |   108 ||   152
Block: Buckler           |    20 |    70 ||    90

Table legend: (Time is in decaauts)
 A = Elapsed time spent in this place.
 B = Non-inter-level travel time spent in this place.
 C = Inter-level travel time spent in this place.
 D = Time resting spent in this place.
 E = Time spent auto-exploring this place.
 F = Levels seen in this place.
 G = Mean time per level.
                   A        B        C        D        E       F      G
               +--------+--------+--------+--------+--------+-----+--------+
         Total |   4553 |   4542 |     11 |   1321 |   2174 |   4 | 1138.2 |
       Dungeon |   4553 |   4542 |     11 |   1321 |   2174 |   4 | 1138.2 |
               +--------+--------+--------+--------+--------+-----+--------+

Top non-repeatable levels by time:
     D:1: 1585 daAuts
     D:2: 1341 daAuts
     D:3: 1071 daAuts
     D:4: 555 daAuts
